 Dungeon Crawl Stone Soup version 0.23-a0-87-g5f73bc1 (webtiles) character file.

440719 bff the Demonic Blade (level 22, 0/223 HPs)
             Began as a Demonspawn Gladiator on Aug 14, 2018.
             Was the Champion of Qazlal.
             Slain by a skeletal warrior
             ... wielding the +9 bardiche of the Thoughtful Moons {venom, MR+ Str+6 Dex-5}
              (10 damage)
             ... on level 3 of the Crypt.
             The game lasted 01:58:30 (40872 turns).

bff the Demonic Blade (Demonspawn Gladiator)       Turns: 40872, Time: 01:58:31

Health: 0/223      AC: 30    Str: 25    XL:     22   Next: 70%
Magic:  36/36      EV: 18    Int:  8    God:    Qazlal [******]
Gold:   4024       SH: 17    Dex: 17    Spells: 21/21 levels left

rFire    + + +     SeeInvis .   P - +11 demon blade "Loopy" {vamp, rN+ Str+3}
rCold    + + .     Gourm    .   x - +3 buckler
rNeg     + + +     Faith    .   b - +4 scale mail "Ynonok" {rF+++ rN++ Int-5}
rPois    +         Spirit   .   c - +1 helmet
rElec    +         Reflect  .   e - +2 cloak {rPois}
rCorr    +         Harm     .   (gloves unavailable)
MR       +++..                  V - +2 pair of boots {run}
Stlth    ..........             Z - amulet of Leuras {RegenMP Int+3}
HPRegen  0.47/turn              E - ring "Pasoc" {rCorr rC++ MR+ Stlth-}
MPRegen  0.50/turn              K - ring of the Hart {rElec MR+}

@: lethally poisoned (0 -> -1), flayed, protected from physical damage, slowed,
repel missiles, very slow
A: claws 3, icy blue scales 2, demonic guardian 3, powered by death 3, robust 2
}: 3/15 runes: barnacled, silver, gossamer
a: Upheaval, Elemental Force, Disaster Area, Renounce Religion


You were on level 3 of the Crypt.
You worshipped Qazlal.
Qazlal was exalted by your worship.
You were hungry.

You visited 7 branches of the dungeon, and saw 39 of its levels.
You also visited: Labyrinth and Ossuary.

You collected 5767 gold pieces.
You spent 1743 gold pieces at shops.

Inventory:

Hand Weapons
 P - the +11 demon blade "Loopy" (weapon) {vamp, rN+ Str+3}
   (You took it off a minotaur in a labyrinth)

   It inflicts no extra harm, but heals its wielder when it wounds a living foe.
   It affects your strength (+3).
   It protects you from negative energy.
Missiles
 d - 17 throwing nets (quivered)
Armour
 b - the +4 scale mail "Ynonok" (worn) {rF+++ rN++ Int-5}
   (You took it off a vault guard on level 5 of the Vaults)

   It affects your intelligence (-5).
   It renders you almost immune to fire.
   It greatly protects you from negative energy.
 c - a +1 helmet (worn)
 e - a +2 cloak of poison resistance (worn)
 l - the +4 scale mail of Honour {rF++ rC+ Int+2}
   (You took it off a vault guard on level 5 of the Vaults)

   It affects your intelligence (+2).
   It greatly protects you from fire.
   It protects you from cold.
 p - a +0 crystal plate armour
 w - a +0 large shield
 x - a +3 buckler (worn)
 V - a +2 pair of boots of running (worn)
Jewellery
 o - the ring "Ribuq" {rN+ SInv}
   (You found it on level 3 of the Crypt)

   [ring of positive energy]

   It protects you from negative energy.
   It lets you see invisible.
 A - the ring of Miracles {+Fly rElec MP+9 Int+4 Stlth+}
   (You found it on level 5 of the Vaults)

   [ring of flight]

   It affects your intelligence (+4).
   It insulates you from electricity.
   It affects your magic capacity (+9).
   It lets you fly.
   It makes you more stealthy.
 E - the ring "Pasoc" (left claw) {rCorr rC++ MR+ Stlth-}
   (You bought it in a shop on level 2 of the Orcish Mines)

   [ring of resist corrosion]

   It greatly protects you from cold.
   It affects your resistance to hostile enchantments.
   It makes you less stealthy.
 K - the ring of the Hart (right claw) {rElec MR+}
   (You found it on level 2 of the Lair of Beasts)

   [ring of protection from magic]

   It insulates you from electricity.
   It affects your resistance to hostile enchantments.
 Y - the ring of Ceonget {rCorr MR+++ Int+5 Dex-5 SInv}
   (You took it off a deep elf demonologist on level 5 of the Vaults)

   [ring of resist corrosion]

   It affects your intelligence (+5).
   It affects your dexterity (-5).
   It affects your resistance to hostile enchantments.
   It lets you see invisible.
 Z - the amulet of Leuras (around neck) {RegenMP Int+3}
   (You found it on level 5 of the Vaults)

   [amulet of magic regeneration]

   It increases your magic regeneration.
   It affects your intelligence (+3).
Wands
 g - a wand of enslavement (15)
 t - a wand of digging (15)
 R - a wand of disintegration (33)
 S - a wand of acid (14)
Scrolls
 h - 20 scrolls of teleportation
 i - 6 scrolls of immolation
 k - 3 scrolls of fear
 m - 19 scrolls of remove curse
 n - a scroll of acquirement
 r - 7 scrolls of blinking
 s - 12 scrolls of fog
 y - 8 scrolls of magic mapping
 B - 5 scrolls of identify
 Q - 3 scrolls of amnesia
 T - 2 scrolls of enchant armour
Potions
 a - 4 potions of cancellation
 j - a potion of invisibility
 q - a potion of agility
 u - 15 potions of brilliance
 v - 12 potions of heal wounds
 C - a potion of resistance
 D - a potion of haste
 F - 7 potions of mutation
 J - 2 potions of flight
 M - 8 potions of curing
 X - a potion of magic
Miscellaneous
 U - 3 phantom mirrors
Comestibles
 f - 50 rations


   Skills:
 + Level 18.8 Fighting
 * Level 22.6 Long Blades
 - Level 1.7 Throwing
 + Level 14.7 Armour
 + Level 10.8 Dodging
 - Level 5.2 Shields
 * Level 20.2 Invocations


You had 21 spell levels left.
You didn't know any spells.
Your spell library contained the following spells:

 Spells                   Type           Power        Failure   Level  Hunger
 Cause Fear               Hex            #.........   100%        4    #####..
 Magic Dart               Conj           #...         63%         1    ##.....
 Fireball                 Conj/Fire      #.........   100%        5    ######.
 Apportation              Tloc           #.....       63%         1    ##.....
 Conjure Flame            Conj/Fire      #.......     94%         3    ####...
 Bolt of Fire             Conj/Fire      #.........   100%        6    #######
 Bolt of Cold             Conj/Ice       #.........   100%        6    #######
 Lightning Bolt           Conj/Air       #.........   100%        5    ######.
 Slow                     Hex            #.......     77%         2    ###....
 Confuse                  Hex            #.......     94%         3    ####...
 Throw Flame              Conj/Fire      #.....       77%         2    ###....
 Mephitic Cloud           Conj/Pois/Air  #.......     94%         3    ####...
 Venom Bolt               Conj/Pois      #.........   100%        5    ######.
 Olgreb's Toxic Radiance  Pois           #.......     100%        4    #####..
 Death's Door             Chrm/Necr      #.........   100%        8    #######
 Summon Small Mammal      Summ           #...         63%         1    ##.....
 Bolt of Draining         Conj/Necr      #.........   100%        5    ######.
 Blink                    Tloc           N/A          77%         2    ###....
 Iskenderun's Mystic Bla  Conj           #.......     100%        4    #####..
 Animate Dead             Necr           N/A          100%        4    #####..
 Pain                     Necr           #...         63%         1    ##.....
 Animate Skeleton         Necr           N/A          63%         1    ##.....
 Vampiric Draining        Necr           #.........   94%         3    ####...
 Haunt                    Necr/Summ      #.........   100%        7    #######
 Borgnjor's Revivificati  Necr           #.........   100%        8    #######
 Sticky Flame             Conj/Fire      #.......     100%        4    #####..
 Summon Ice Beast         Ice/Summ       #.......     100%        4    #####..
 Call Imp                 Summ           #.......     77%         2    ###....
 Dispel Undead            Necr           #.......     100%        5    ######.
 Regeneration             Chrm/Necr      #.........   94%         3    ####...
 Sting                    Conj/Pois      #...         63%         1    ##.....
 Sublimation of Blood     Necr           #.........   77%         2    ###....
 Corpse Rot               Necr           N/A          77%         2    ###....
 Shock                    Conj/Air       #...         63%         1    ##.....
 Swiftness                Chrm/Air       #.......     77%         2    ###....
 Agony                    Necr           #.......     100%        5    ######.
 Statue Form              Tmut/Erth      #........    100%        6    #######
 Dragon Form              Tmut           #.........   100%        7    #######
 Necromutation            Tmut/Necr      #.........   100%        8    #######
 Deflect Missiles         Chrm/Air       #.........   100%        6    #######
 Airstrike                Air            #.........   100%        4    #####..
 Shadow Creatures         Summ           N/A          100%        6    #######
 Confusing Touch          Hex            #.....       63%         1    ##.....
 Flame Tongue             Conj/Fire      #....        63%         1    ##.....
 Call Canine Familiar     Summ           #.......     94%         3    ####...
 Ensorcelled Hibernation  Hex/Ice        #.....       77%         2    ###....
 Summon Butterflies       Summ           #.......     63%         1    ##.....
 Silence                  Hex/Air        #.........   100%        5    ######.
 Shatter                  Erth           #.........   100%        9    #######
 Static Discharge         Conj/Air       #.......     94%         3    ####...
 Excruciating Wounds      Chrm/Necr      #.........   100%        5    ######.
 Orb of Destruction       Conj           #.........   100%        7    #######
 Tornado                  Air            #.........   100%        9    #######
 Summon Hydra             Summ           #.........   100%        7    #######
 Darkness                 Hex            #.........   100%        6    #######
 Inner Flame              Hex/Fire       #.......     94%         3    ####...
 Fulminant Prism          Conj/Hex       #.........   100%        4    #####..
 Dazzling Spray           Conj/Hex       #.....       94%         3    ####...
 Force Lance              Conj/Tloc      #.......     100%        4    #####..
 Searing Ray              Conj           #.....       77%         2    ###....
 Discord                  Hex            #.........   100%        8    #######
 Summon Guardian Golem    Hex/Summ       #.......     94%         3    ####...
 Dragon's Call            Summ           #.........   100%        9    #######
 Summon Mana Viper        Hex/Summ       #.......     100%        5    ######.
 Hydra Form               Tmut           #.........   100%        6    #######
 Irradiate                Conj/Tmut      #.........   100%        5    ######.
 Yara's Violent Unravell  Hex/Tmut       #.........   100%        5    ######.
 Infestation              Necr           #.........   100%        8    #######
 Poisonous Vapours        Pois/Air       #.....       77%         2    ###....
 Ignition                 Fire           #.........   100%        8    #######
 Borgnjor's Vile Clutch   Necr/Erth      #.........   100%        5    ######.


Dungeon Overview and Level Annotations

Branches:
Dungeon (15/15)            Temple (0/1) D:6            Lair (6/6) D:9
 Shoals (4/4) Lair:3       Spider (4/4) Lair:3        Slime (0/5) Lair:6
    Orc (2/2) D:12            Elf (0/3) Orc:2        Vaults (5/5) D:13
  Crypt (3/3) Vaults:3     Depths (0/5) D:15
   Tomb: Crypt:3

Altars:
Ashenzari
Elyvilon
Gozag
Hepliaklqana
Kikubaaqudgha
Makhleb
Qazlal
Ru
Sif Muna
Trog
Uskayaw
Xom
Yredelemnul
Beogh

Shops:
D:4 =!   D:6 ?   D:15 *   Orc:2 =(*[   Shoals:3 [   Shoals:4 (   Vaults:2 ?
Vaults:4 [   Vaults:5 (:

Portals:
Hell: Lair:6


Innate Abilities, Weirdness & Mutations

You have claws for hands.
You are mostly covered in icy blue scales. (AC +3)
A powerful demonic guardian rushes to your aid.
You regenerate a lot of health from kills.
You are very robust. (+20% HP)


Message History

A flayed ghost comes into view.
Something hits you!
* * * LOW HITPOINT WARNING * * *
The freezing wraith misses you.
You riposte.
You slice the freezing wraith!!
The freezing wraith is almost destroyed.
The freezing wraith hits you but does no damage.
The jiangshi claws you!
* * * LOW HITPOINT WARNING * * *
You block the jiangshi's attack.
The flayed ghost cries, "Feel what I felt!"
You hit the curse skull.
The curse skull is almost destroyed.
The curse skull calls on the powers of darkness!
Your body is wracked with pain!
* * * LOW HITPOINT WARNING * * *
The skeletal warrior hits you but does no damage.
The ancient champion is engulfed in freezing vapours.
The skeletal warrior is engulfed in blazing flames.
The skeletal warrior hits you from afar with a faintly glowing bardiche {venom}!
You die... 8...... ....... 8...... ....... ....Z #Zzz

##.Wz## ##..WV@##
###...§zW{###
#...8...8.§.#
#..........W#
+.....⌠.....'.
#...........#..
#...8...8...#...
######.......######
###....###'')###....###


You could see an ancient champion, 2 skeletal warriors, a jiangshi, 3 flayed
ghosts, a curse skull, a freezing wraith, a black mamba skeleton and an ettin
skeleton.

Vanquished Creatures
  Khufu (Crypt:1)
  2 greater mummies (Crypt:1)
  Boris (Vaults:2)
  Xtahua (Crypt:1)
  Arachne (Spider:2)
  3 titans (Vaults:5)
  4 tentacled monstrosities (Vaults:5)
  A quicksilver dragon (Vaults:5)
  A kraken (Shoals:4)
  6 sphinxes
  2 ancient champions
  A tengu reaver (Vaults:5)
  3 shadow dragons (Vaults:5)
  A revenant (Crypt:1)
  5 frost giants
  A fire giant (Vaults:4)
  6 storm dragons (Vaults:5)
  4 ghost moths (Spider:4)
  3 emperor scorpions (Spider:4)
  Louise (Spider:2)
  11 vault wardens
  5 large abominations
  The ghost of Lylamap the Severer, a journeyman MiBe of Trog (Lair:6)
  2 orc warlords (Orc:2)
  8 ghouls
  15 ironheart preservers
  A curse skull (Crypt:1)
  2 war gargoyles (Vaults:5)
  3 stone giants
  5 entropy weavers
  Nessos (D:14)
  5 very ugly things
  The ghost of Unwugong the Blocker, a journeyman FoFi of Qazlal (Lair:6)
  The ghost of Scuka the Phalangite, a journeyman MfBe of Trog (Lair:6)
  7 vampire knights
  A minotaur (Lab)
  4 deep elf demonologists
  3 deep elf annihilators
  2 eidola (Crypt:2)
  Snorg (D:13)
  A crystal guardian (Vaults:3)
  5 ettins
  3 merfolk javelineers
  Josephine (D:13)
  10 merfolk impalers
  2 deep elf high priests (Vaults:5)
  18 jiangshi
  A fire dragon (Vaults:3)
  26 vault guards
  7 small abominations
  11 yaktaur captains
  2 ice dragons
  A hydra (shapeshifter) (Vaults:2)
  A merfolk avatar (Shoals:2)
  A catoblepas (Lair:2)
  8 hydras
  8 merfolk aquamancers
  9 ogre magi
  5 death knights
  6 centaur warriors
  29 two-headed ogres
  A dancing weapon (Vaults:5)
  A satyr (Shoals:2)
  5 vampire magi
  2 orc high priests (Orc:2)
  Urug (Lair:3)
  2 soul eaters
  Sonja (D:11)
  6 deep elf knights
  A shadow wraith (Crypt:2)
  A sixfirhy (Lair:6)
  32 skeletal warriors
  4 flayed ghosts
  A golden dragon zombie (Crypt:1)
  A storm dragon skeleton (Crypt:1)
  3 unseen horrors
  A sea snake (shapeshifter) (Vaults:5)
  5 wizards
  Pikel (D:6)
  10 deep elf archers
  A swamp dragon (shapeshifter) (Vaults:3)
  An anaconda zombie (Crypt:1)
  13 sea snakes
  A lindwurm (shapeshifter) (Vaults:2)
  A glowing orange brain (Vaults:3)
  A wolf spider zombie (D:15)
  4 necromancers
  13 ironbrand convokers
  An oklob plant (Lair:6)
  16 harpies
  10 phantasmal warriors
  15 deep elf magi
  A shadow dragon skeleton (Crypt:1)
  27 ugly things
  17 orb spiders
  6 orc sorcerers
  A spectral ice dragon (Crypt:3)
  17 orc knights
  9 manticores
  13 fauns
  26 wolf spiders
  7 cyclopes
  4 elephants
  A fire giant skeleton (Crypt:1)
  A stone giant skeleton (Vaults:4)
  7 merfolk sirens
  A torpor snail (Lair:3)
  9 vault sentinels
  2 black mambas (Lair:3)
  A dire elephant zombie (Crypt:2)
  A gargoyle (D:12)
  2 orange demons (Lair:6)
  A frost giant skeleton (Crypt:3)
  13 spiny frogs
  6 water nymphs
  A smoke demon (Lair:6)
  An eye of devastation (shapeshifter) (Vaults:5)
  4 rime drakes
  3 komodo dragons
  A kobold demonologist (D:15)
  9 freezing wraiths
  26 yaktaurs
  A tengu conjurer (D:14)
  A red devil (Lair:6)
  3 ice devils (Lair:6)
  18 demonic crawlers
  6 hornets
  28 jumping spiders
  19 merfolk
  6 trolls
  4 wind drakes
  A polar bear (Lair:6)
  A catoblepas skeleton (Crypt:2)
  8 dream sheep
  11 slime creatures
  A tengu simulacrum (Vaults:3)
  A satyr zombie (Crypt:1)
  18 blink frogs
  2 bog bodies (Crypt:1)
  5 snapping turtles
  A stone giant simulacrum (Vaults:4)
  A snapping turtle (shapeshifter) (Vaults:5)
  8 hippogriffs
  A frost giant simulacrum (Crypt:1)
  An alligator skeleton (Crypt:2)
  53 redbacks
  46 flying skulls (Crypt:3)
  A shadow (Crypt:2)
  An ice dragon skeleton (Crypt:2)
  A redback (shapeshifter) (Vaults:5)
  29 tarantellas
  12 wraiths
  A vampire (D:15)
  12 water elementals
  2 wyverns
  34 yaks
  2 hungry ghosts
  A basilisk (shapeshifter) (Vaults:4)
  A black mamba skeleton (Crypt:1)
  8 basilisks
  8 vampire mosquitoes
  A catoblepas simulacrum (Crypt:3)
  A soldier ant (D:13)
  A warg (shapeshifter) (Vaults:2)
  6 wargs
  A human zombie (Vaults:4)
  Edmund (D:4)
  A hydra simulacrum (Crypt:3)
  A soldier ant (shapeshifter) (Vaults:1)
  8 water moccasins
  A water nymph skeleton (Crypt:1)
  3 hell hounds (Lair:6)
  11 porcupines
  A spiny frog skeleton (Crypt:2)
  2 black bears
  2 slaves (D:6)
  An ice beast (D:10)
  3 sky beasts
  An ettin simulacrum (Vaults:4)
  57 orc warriors
  6 necrophages
  4 phantoms
  17 wolves
  25 ogres
  14 centaurs
  7 boggarts
  An elf simulacrum (Vaults:1)
  8 crocodiles
  A big kobold (D:12)
  21 bullfrogs
  A draconian zombie (Crypt:2)
  A komodo dragon zombie (Crypt:2)
  A wyvern zombie (D:9)
  A gnoll sergeant (D:7)
  14 scorpions
  23 killer bees
  4 wights
  4 electric eels
  4 howler monkeys
  7 crimson imps
  4 centaur zombies
  4 hounds
  A human simulacrum (Vaults:2)
  3 jellies (D:9)
  Ijyb (D:3)
  20 orc priests
  3 centaur skeletons
  2 iguanas
  28 orc wizards
  A porcupine zombie (Crypt:2)
  3 worker ants
  7 ogre zombies (D:12)
  A tengu zombie (Crypt:2)
  4 mummies
  14 gnolls
  A scorpion zombie (Ossuary)
  9 adders
  3 shadow imps
  6 oozes
  2 adder zombies
  2 adder skeletons
  A worm (D:4)
  2 dart slugs
  10 leopard geckos
  84 orcs
  A bat skeleton (Crypt:1)
  8 giant cockroaches
  A gnoll zombie (Ossuary)
  8 goblins
  11 hobgoblins
  16 jackals
  7 kobolds
  4 quokkas
  2 ball pythons
  5 bats
  A frilled lizard (D:2)
  A frilled lizard skeleton (Crypt:1)
  5 hobgoblin zombies
  A jackal skeleton (D:4)
  4 kobold zombies (Ossuary)
  A leopard gecko zombie (D:7)
  4 orc skeletons (D:12)
  14 orc zombies
  8 rats
  2 butterflies (Lair:2)
  7 tentacles
1608 creatures vanquished.

Vanquished Creatures (collateral kills)
  Frederick (Vaults:3)
  Nikola (Shoals:3)
  The ghost of TheNamelessOne the Eclecticist, an adept DrCj of Vehumet (Spider:4)
  2 sphinxes
  A sphinx (shapeshifter) (Vaults:5)
  A kraken (Shoals:3)
  An ancient champion (Crypt:3)
  A vault warden (Vaults:2)
  4 emperor scorpions (Spider:4)
  A deep elf sorcerer (Vaults:5)
  2 ghouls (Crypt:2)
  An ironheart preserver (Vaults:3)
  A war gargoyle (Vaults:5)
  A very ugly thing (Vaults:5)
  A deep elf demonologist (Vaults:1)
  2 entropy weavers (Spider:2)
  The ghost of seren the Arsonist, a journeyman DgFE (Lair:6)
  A spark wasp (Spider:3)
  An ettin (Vaults:4)
  A jiangshi (Crypt:3)
  A merfolk impaler (Shoals:4)
  2 yaktaur captains
  2 rakshasas
  A vault guard (Vaults:4)
  An ice dragon (Vaults:4)
  A hydra (Lair:6)
  4 merfolk avatars
  3 merfolk aquamancers
  An alligator snapping turtle (Shoals:3)
  2 satyrs (Shoals:3)
  5 two-headed ogres
  2 ogre magi
  An orc high priest (Orc:2)
  2 deep elf knights
  2 shadow wraiths
  2 skeletal warriors (D:14)
  An unseen horror (D:15)
  6 sea snakes
  3 deep elf archers
  4 orc knights
  3 ironbrand convokers
  A necromancer (Crypt:3)
  A wizard (D:15)
  6 harpies
  6 deep elf magi
  5 orb spiders
  3 wolf spiders
  8 ugly things
  3 fauns
  2 orc sorcerers
  6 manticores
  A cyclops (D:15)
  2 merfolk sirens (Shoals:2)
  4 elephants
  A torpor snail (Lair:4)
  2 water nymphs
  A rime drake (Lair:6)
  A centaur skeleton (D:6)
  2 freezing wraiths
  A kobold demonologist (D:12)
  A yaktaur (Vaults:4)
  2 demonic crawlers
  4 trolls
  A wind drake (Shoals:3)
  11 jumping spiders
  10 merfolk
  A hornet (D:10)
  5 dream sheep
  2 slime creatures (D:15)
  A snapping turtle (Shoals:1)
  A hippogriff (Lair:6)
  A blink frog (Lair:6)
  Sigmund (D:4)
  5 tarantellas
  18 redbacks
  3 water elementals
  10 yaks
  A vampire mosquito (D:13)
  A two-headed ogre zombie (D:12)
  2 water moccasins
  12 orc warriors
  A boggart (D:11)
  8 ogres
  2 necrophages
  2 crocodiles
  5 scorpions (Ossuary)
  4 killer bees
  2 wights (D:13)
  A crimson imp (D:15)
  7 orc priests
  7 orc wizards
  A bullfrog skeleton (D:4)
  A worker ant (D:8)
  A demigod zombie (Crypt:1)
  2 gnolls (D:3)
  24 orcs
  A jackal (D:8)
  A goblin skeleton (D:12)
  2 goblin zombies (D:12)
  A hobgoblin zombie (D:12)
  2 kobolds (D:12)
  A kobold zombie (Ossuary)
  4 orc zombies
  A quokka skeleton (D:4)
305 creatures vanquished.

Vanquished Creatures (others)
  A shadow dragon (Vaults:5)
  A ghost moth (Spider:3)
  3 vault guards (Vaults:5)
  A yaktaur captain (Vaults:5)
  Fannar (D:11)
  A skeletal warrior (Vaults:4)
  A wolf spider (Spider:3)
  A deep elf mage (D:15)
  2 yaktaurs (Vaults:5)
  A water elemental (Shoals:3)
  An orc warrior (Orc:2)
  A boggart (Vaults:3)
  8 fungi
  8 plants
  13 tentacles
  2 withered plants (Lair:6)
46 creatures vanquished.

Grand Total: 1959 creatures vanquished

Notes
Turn   | Place    | Note
-------+----------+-------------------------------------------
     0 | D:1      | bff the Demonspawn Gladiator began the quest for the Orb.
     0 | D:1      | Reached XP level 1. HP: 16/16 MP: 1/1
   310 | D:1      | Gained mutation: You regenerate a little health from kills. [demonic ancestry]
   310 | D:1      | Reached XP level 2. HP: 20/22 MP: 2/2
   641 | D:2      | Reached skill level 3 in Long Blades
   688 | D:2      | Gained mutation: A weak demonic guardian rushes to your aid. [demonic ancestry]
   688 | D:2      | Reached XP level 3. HP: 13/27 MP: 3/3
  1484 | D:2      | Found a stormy altar of Qazlal.
  1484 | D:2      | Found a bloodstained altar of Trog.
  1485 | D:2      | Found a shimmering altar of Xom.
  1514 | D:2      | Became a worshipper of Qazlal Stormbringer
  1555 | D:3      | Found a deep blue altar of Sif Muna.
  1663 | D:3      | Reached XP level 4. HP: 33/33 MP: 4/4
  1782 | D:3      | Found a sacrificial altar of Ru.
  2023 | D:3      | Reached skill level 4 in Long Blades
  2386 | D:3      | Reached * piety under Qazlal
  2518 | D:3      | Noticed Ijyb
  2551 | D:3      | Killed Ijyb
  2551 | D:3      | Gained mutation: You regenerate health from kills. [demonic ancestry]
  2551 | D:3      | Reached XP level 5. HP: 13/38 MP: 5/5
  2728 | D:3      | Reached skill level 1 in Armour
  2916 | D:4      | Noticed a phantom
  2925 | D:4      | Reached skill level 5 in Long Blades
  2958 | D:4      | Killed a phantom
  2958 | D:4      | Gained mutation: You are partially covered in icy blue scales. (AC +2) [demonic ancestry]
  2958 | D:4      | Reached XP level 6. HP: 19/46 MP: 6/6
  3419 | D:4      | Noticed Edmund
  3429 | D:4      | Killed Edmund
  3429 | D:4      | Reached skill level 6 in Long Blades
  3429 | D:4      | Reached skill level 1 in Invocations
  3429 | D:4      | Reached XP level 7. HP: 51/51 MP: 7/7
  3460 | D:4      | Noticed Sigmund
  3464 | D:4      | Killed Sigmund
  3936 | D:4      | Found Hucesk's Distillery.
  3939 | D:4      | Bought a potion of heal wounds for 60 gold pieces
  3939 | D:4      | Bought a potion of heal wounds for 60 gold pieces
  4030 | D:4      | Found Ufant's Jewellery Emporium.
  4192 | D:5      | Entered Level 5 of the Dungeon
  4222 | D:5      | Reached ** piety under Qazlal
  4266 | D:5      | Reached skill level 7 in Long Blades
  4485 | D:5      | Gained mutation: You have sharp fingernails. [demonic ancestry]
  4485 | D:5      | Reached XP level 8. HP: 58/58 MP: 9/9
  4649 | D:5      | Found a hazy altar of Hepliaklqana.
  4955 | D:6      | Noticed Pikel
  4996 | D:6      | Killed Pikel
  4996 | D:6      | Reached skill level 8 in Long Blades
  5113 | D:6      | Found a sand-covered staircase.
  5118 | Ossuary  | Entered an ossuary
  5138 | Ossuary  | Reached skill level 1 in Shields
  5200 | Ossuary  | Reached XP level 9. HP: 64/65 MP: 11/11
  5268 | Ossuary  | Reached *** piety under Qazlal
  5570 | D:6      | Found a staircase to the Ecumenical Temple.
  5968 | D:6      | Found Doagh's Magic Scroll Shop.
  5976 | D:6      | Bought a scroll of blinking for 97 gold pieces
  6393 | D:7      | Reached skill level 5 in Shields
  6722 | D:7      | Found an opulent altar of Gozag.
  7231 | D:7      | Reached skill level 9 in Long Blades
  7893 | D:8      | Noticed a two-headed ogre
  7895 | D:8      | Reached skill level 5 in Invocations
  8187 | D:9      | Reached **** piety under Qazlal
  8187 | D:9      | Gained mutation: A demonic guardian rushes to your aid. [demonic ancestry]
  8187 | D:9      | Reached XP level 10. HP: 73/73 MP: 13/13
  8304 | D:9      | Reached skill level 10 in Long Blades
  8421 | D:9      | Found a staircase to the Lair.
  8465 | D:9      | Reached skill level 5 in Dodging
  8471 | D:9      | Reached skill level 5 in Fighting
  8624 | D:9      | Found a hide-covered altar of Uskayaw.
  8718 | D:9      | Found a shattered altar of Ashenzari.
  8760 | D:9      | Reached ***** piety under Qazlal
  8765 | D:9      | Reached skill level 11 in Long Blades
  9160 | D:10     | Entered Level 10 of the Dungeon
  9602 | D:10     | Reached XP level 11. HP: 80/80 MP: 16/16
 10447 | D:11     | Noticed Sonja
 10448 | D:11     | Noticed Fannar
 10462 | D:11     | Killed Sonja
 10610 | D:11     | Reached skill level 5 in Armour
 10643 | D:11     | Reached skill level 12 in Long Blades
 10745 | D:11     | Noticed a two-headed ogre
 10931 | D:11     | Killed Fannar
 11779 | D:12     | Reached ****** piety under Qazlal
 11795 | D:12     | Found a staircase to the Orcish Mines.
 12240 | D:13     | Noticed a six-headed hydra
 12257 | Orc:1    | Entered Level 1 of the Orcish Mines
 12384 | Orc:1    | Noticed an orc knight
 12425 | D:12     | Killed an orc knight
 12545 | Orc:1    | Noticed an orc sorcerer
 12549 | Orc:1    | Paralysed by an orc sorcerer for 2 turns
 12553 | Orc:1    | Killed an orc sorcerer
 12553 | Orc:1    | Reached skill level 13 in Long Blades
 12553 | Orc:1    | Gained mutation: You are mostly covered in icy blue scales. (AC +3) [demonic ancestry]
 12553 | Orc:1    | Reached XP level 12. HP: 44/89 MP: 18/18
 13254 | Orc:2    | Entered Level 2 of the Orcish Mines
 13254 | Orc:2    | Noticed an orc warlord
 13270 | Orc:2    | Killed an orc warlord
 13277 | Orc:2    | Found a labyrinth entrance.
 13281 | Orc:2    | Found a staircase to the Elven Halls.
 13287 | Lab      | Entered a labyrinth
 13925 | Lab      | Noticed a minotaur
 13942 | Lab      | Killed a minotaur
 13945 | Lab      | Got a faintly glowing demon blade {vamp}
 13947 | Lab      | Identified the +11 demon blade "Loopy" {vamp, rN+ Str+3} (You took it off a minotaur in a labyrinth)
 13957 | Lab      | Identified the Volume of the Blaze and Evil
 13984 | Orc:2    | Noticed an orc high priest
 13987 | Orc:2    | Noticed an orc high priest
 13994 | Orc:2    | Noticed an orc warlord
 13999 | Orc:2    | Killed an orc high priest
 14013 | Orc:2    | Killed an orc high priest
 14013 | Orc:2    | Reached skill level 10 in Invocations
 14018 | Orc:2    | Noticed an orc high priest
 14036 | Orc:2    | Killed an orc high priest
 14037 | Orc:2    | Killed an orc warlord
 14037 | Orc:2    | Reached skill level 14 in Long Blades
 14042 | Orc:2    | Gained mutation: You have very sharp fingernails. [demonic ancestry]
 14042 | Orc:2    | Reached XP level 13. HP: 98/98 MP: 13/20
 14572 | Orc:2    | Found a roughly hewn altar of Beogh.
 14678 | Orc:2    | Found Woxotsyi's General Store.
 14679 | Orc:2    | Found Quneirch's Jewellery Emporium.
 14680 | Orc:2    | Found Poihued's Antique Armour Shoppe.
 14680 | Orc:2    | Found Tuqem's Antique Weapon Shoppe.
 14694 | Orc:2    | Bought a potion of invisibility for 136 gold pieces
 14694 | Orc:2    | Bought a potion of agility for 68 gold pieces
 14695 | Orc:2    | Bought the ring "Pasoc" {rCorr rC++ MR+ Stlth-} for 681 gold pieces
 14695 | Orc:2    | Bought an uncursed ring of protection from cold for 350 gold pieces
 15059 | D:13     | Found a gate to the Vaults.
 15074 | D:13     | Noticed Josephine
 15085 | D:13     | Killed Josephine
 15178 | D:13     | Noticed Snorg
 15184 | D:13     | Killed Snorg
 15683 | D:14     | You fall through a shaft!
 15683 | D:15     | Entered Level 15 of the Dungeon
 15729 | D:15     | Reached skill level 15 in Long Blades
 15787 | D:15     | Reached XP level 14. HP: 109/109 MP: 22/22
 15835 | D:15     | Noticed an angel
 15836 | D:15     | Found a white marble altar of Elyvilon.
 15838 | D:15     | Found Taunk's Hallowed Reliquary.
 16290 | D:15     | Found a staircase to the Depths.
 16687 | D:14     | Reached skill level 10 in Fighting
 17079 | D:14     | Noticed Nessos
 17145 | D:14     | Killed Nessos
 17661 | Lair:1   | Entered Level 1 of the Lair of Beasts
 18814 | Lair:2   | Got a twitching iron ring
 19341 | Lair:2   | Identified the ring of the Hart {rElec MR+} (You found it on level 2 of the Lair of Beasts)
 19493 | Lair:3   | Found a hole to the Spider Nest.
 19509 | Lair:3   | Noticed Urug
 19525 | Lair:3   | Killed Urug
 19545 | Lair:3   | Found a staircase to the Shoals.
 19677 | Lair:3   | Reached skill level 16 in Long Blades
 21221 | Lair:5   | Gained mutation: You have claws for hands. [demonic ancestry]
 21221 | Lair:5   | Reached XP level 15. HP: 65/118 MP: 24/24
 21852 | Lair:5   | Got a fine tin amulet
 22257 | Lair:6   | Entered Level 6 of the Lair of Beasts
 22357 | Lair:6   | Found a runed gate.
 22357 | Lair:6   | Found a runed gate.
 22357 | Lair:6   | Found a runed gate.
 22358 | Lair:6   | Noticed Unwugong's ghost (journeyman FoFi)
 22358 | Lair:6   | Noticed Scuka's ghost (journeyman MfBe)
 22359 | Lair:6   | Noticed seren's ghost (journeyman DgFE)
 22359 | Lair:6   | Noticed Lylamap's ghost (journeyman MiBe)
 22383 | Lair:6   | Found a staircase to the Slime Pits.
 22713 | Lair:6   | Found a burning altar of Makhleb.
 22722 | Lair:6   | Found a gateway to Hell.
 23293 | Lair:6   | Killed Lylamap's ghost
 23610 | Lair:6   | Killed Unwugong's ghost
 23617 | Lair:6   | Killed seren's ghost
 23617 | Lair:6   | Reached skill level 10 in Armour
 23622 | Lair:6   | Killed Scuka's ghost
 23789 | Spider:1 | Entered Level 1 of the Spider Nest
 23790 | Spider:1 | Identified the amulet "Weraiss" {+Rage rPois} (You found it on level 5 of the Lair of Beasts)
 24431 | Spider:1 | Reached skill level 17 in Long Blades
 24731 | Spider:2 | Noticed Arachne
 24780 | Spider:2 | Killed Arachne
 24797 | Spider:2 | Gained mutation: A powerful demonic guardian rushes to your aid. [demonic ancestry]
 24797 | Spider:2 | Reached XP level 16. HP: 127/127 MP: 26/26
 24952 | Spider:2 | Noticed Louise
 24977 | Spider:2 | Killed Louise
 25250 | Spider:2 | You fall through a shaft!
 25958 | Spider:4 | Entered Level 4 of the Spider Nest
 25975 | Spider:4 | Found a runed door.
 26451 | Spider:4 | Reached skill level 15 in Invocations
 26881 | Spider:4 | Got a gossamer rune of Zot
 27079 | Spider:4 | Reached XP level 17. HP: 137/137 MP: 6/28
 27419 | Spider:4 | Noticed TheNamelessOne's ghost (adept DrCj)
 27438 | Spider:4 | Killed TheNamelessOne's ghost
 27645 | Shoals:1 | Entered Level 1 of the Shoals
 27678 | Shoals:1 | Reached skill level 18 in Long Blades
 29281 | Shoals:3 | Noticed Nikola
 29287 | Shoals:3 | Killed Nikola
 29304 | Shoals:3 | Found Faklig's Antique Armour Shop.
 29314 | Shoals:3 | Bought a pair of embroidered boots for 232 gold pieces
 29314 | Shoals:3 | Identified a +0 pair of boots of running (You bought it in a shop on level 3 of the Shoals)
 29693 | Shoals:3 | Noticed a kraken
 29712 | Shoals:3 | Killed a kraken
 29938 | Shoals:4 | Entered Level 4 of the Shoals
 30103 | Shoals:4 | Gained mutation: You regenerate a lot of health from kills. [demonic ancestry]
 30103 | Shoals:4 | Reached XP level 18. HP: 146/147 MP: 30/30
 30242 | Shoals:4 | Got a steaming brass ring
 30251 | Shoals:4 | Identified the ring "Taczyuru" {*Tele rC+++ Dex-2 Slay+3 Stlth-} (You found it on level 4 of the Shoals)
 30692 | Shoals:4 | Found Vohuxups's Antique Weapon Emporium.
 30715 | Shoals:4 | Got a barnacled rune of Zot
 31069 | Vaults:1 | Entered Level 1 of the Vaults
 31106 | Vaults:1 | Reached skill level 19 in Long Blades
 31573 | Vaults:1 | Reached skill level 15 in Fighting
 32461 | Vaults:2 | Found Fagak's Magic Scroll Shoppe.
 32484 | Vaults:2 | Bought a scroll of immolation for 59 gold pieces
 32639 | Vaults:2 | Noticed Boris
 33068 | Vaults:2 | Gained mutation: You are robust. (+10% HP) [demonic ancestry]
 33068 | Vaults:2 | Reached XP level 19. HP: 149/170 MP: 31/31
 33223 | Vaults:2 | Killed Boris
 33708 | Vaults:3 | Noticed Frederick
 33721 | Vaults:3 | Killed Frederick
 33728 | Vaults:3 | Reached skill level 20 in Long Blades
 33968 | Vaults:3 | Found a staircase to the Crypt.
 33968 | Vaults:3 | Found an ancient bone altar of Kikubaaqudgha.
 33969 | Vaults:3 | Found a basalt altar of Yredelemnul.
 34353 | Vaults:3 | Noticed a Tzitzimitl
 35275 | Vaults:4 | Reached XP level 20. HP: 178/182 MP: 33/33
 35608 | Vaults:4 | Found Inuiha Piats's Armour Shop.
 36201 | Vaults:5 | Entered Level 5 of the Vaults
 36234 | Vaults:5 | Reached skill level 21 in Long Blades
 36322 | Vaults:5 | Gained mutation: You are very robust. (+20% HP) [demonic ancestry]
 36322 | Vaults:5 | Reached XP level 21. HP: 69/208 MP: 30/34
 36593 | Vaults:5 | Reached skill level 10 in Dodging
 36648 | Vaults:5 | Got a coiled jade ring
 36805 | Vaults:5 | Found Umilien's Antique Weapon Emporium.
 36828 | Vaults:5 | Got a scintillating crystal amulet
 36830 | Vaults:5 | Identified the ring of the Everdark {rElec Str+2} (You took it off a vault guard on level 5 of the Vaults)
 36831 | Vaults:5 | Identified the amulet of Leuras {RegenMP Int+3} (You found it on level 5 of the Vaults)
 36912 | Vaults:5 | Identified the Tome of Confrontation
 37023 | Vaults:5 | Got a scintillating bone ring
 37042 | Vaults:5 | Got a silver rune of Zot
 37354 | Vaults:5 | Found Yzi Luw's Book Shop.
 37559 | Vaults:5 | Got a pitted pewter ring
 37651 | Vaults:5 | Identified the ring of Miracles {+Fly rElec MP+9 Int+4 Stlth+} (You found it on level 5 of the Vaults)
 37653 | Vaults:5 | Identified the ring of Ceonget {rCorr MR+++ Int+5 Dex-5 SInv} (You took it off a deep elf demonologist on level 5 of the Vaults)
 38023 | Vaults:5 | Identified the Guide on Destructive Hexes
 38061 | Vaults:5 | Got an ichor-stained scale mail
 38062 | Vaults:5 | Identified the +4 scale mail of Honour {rF++ rC+ Int+2} (You took it off a vault guard on level 5 of the Vaults)
 38115 | Vaults:5 | Got a spiked scale mail
 38116 | Vaults:5 | Identified the +4 scale mail "Ynonok" {rF+++ rN++ Int-5} (You took it off a vault guard on level 5 of the Vaults)
 38218 | Crypt:1  | Entered Level 1 of the Crypt
 38466 | Crypt:1  | Reached skill level 22 in Long Blades
 38507 | Crypt:1  | Noticed Khufu
 38518 | Crypt:1  | Noticed a greater mummy
 38526 | Crypt:1  | Killed Khufu
 38540 | Crypt:1  | Killed a greater mummy
 38541 | Crypt:1  | Noticed a greater mummy
 38548 | Crypt:1  | Reached XP level 22. HP: 86/220 MP: 35/35
 38557 | Crypt:1  | Killed a greater mummy
 38607 | Crypt:1  | Noticed Xtahua
 38615 | Crypt:1  | Killed Xtahua
 38880 | Crypt:1  | You fall through a shaft!
 39150 | Crypt:2  | Found a basalt altar of Yredelemnul.
 39781 | Crypt:3  | Entered Level 3 of the Crypt
 40028 | Crypt:3  | Found an ancient bone altar of Kikubaaqudgha.
 40522 | Crypt:3  | Got a slimy lapis lazuli ring
 40525 | Crypt:3  | Got a translucent ivory ring
 40525 | Crypt:3  | Got a coiled ruby amulet
 40526 | Crypt:3  | Identified the amulet of Tichoir {+Rage +Fly rC- rN+ SInv} (You found it on level 3 of the Crypt)
 40527 | Crypt:3  | Identified the ring "Hoemidi" {rF++ rN+ Str-5 Dex+2} (You took it off a death knight on level 3 of the Crypt)
 40528 | Crypt:3  | Identified the ring "Ribuq" {rN+ SInv} (You found it on level 3 of the Crypt)
 40670 | Crypt:3  | Identified a scroll of acquirement
 40872 | Crypt:3  | HP: 10/223 [??? (3)]
 40872 | Crypt:3  | Identified the +9 bardiche of the Thoughtful Moons {venom, MR+ Str+6 Dex-5}
 40872 | Crypt:3  | Slain by a skeletal warrior

Vault maps used:
D:1:      roderic_crossed_star
D:2:      gammafunk_temple_overflow_claw, st_stairs_4
D:3:      lemuel_coloured_pillars_altar, lemuel_crystal_altar,
          hangedman_decor_peaks_small, uniq_ijyb
D:4:      serial_shops, nicolae_shop_window_shopping, nicolae_shop_waterfront,
          sigmund_edmund_badplayer
D:5:      nicolae_overflow_hidden_temple, first_ration
D:6:      minmay_temple_entry_poolview, serial_shops, shop,
          nicolae_ossuary_entry_false_entrances, uniq_pikel
D:7:      lemuel_doored_altar
D:9:      eat_drink_and_be_merry_uskayaw, evilmike_ruin_ashenzari,
          grunt_lair_entry_orc_guard_hut, hangedman_little_slice_of_home
D:11:     uniq_fannar, uniq_sonja
D:12:     zombieorc2_lemuel, kennysheep_windowed_goal
D:13:     david_vaults_1, uniq_snorg, uniq_josephine
D:14:     grunt_ministairs_13, uniq_nessos
D:15:     grunt_enter_depths_magical_seal, nicolae_good_shop
Lair:1:   st_stairs_9, grunt_megastairs_3, serial_bayou_shore_b
Lair:2:   st_stairs_7, lemuel_fruit_fields, grunt_megastairs_2,
          serial_bayou_shore_a
Lair:3:   wad_woods_structure_01, minmay_shoals_entry_beasts,
          nicolae_spider_entry_tight_spaces, uniq_urug
Lair:4:   lemuel_fruit_fields
Lair:6:   evil_forest, minmay_slime_entry_oklob_open, gammafunk_ghost_cemetery
Shoals:1: cheibrodos_shoals_three_sisters
Shoals:3: serial_shops, shop, uniq_nikola
Shoals:4: shoals_end_simple, serial_shops, nicolae_shop_behind_doors
Spider:2: uniq_arachne, uniq_louise
Spider:3: spider_trap, nicolae_orb_island
Spider:4: grunt_spider_rune_circles, ebering_ghost_inner_flame,
          einodemon_crawler_minivault
Orc:1:    cheibrodos_orc_guarddog
Orc:2:    st_orc_congregation, lab_entry_generic,
          nicolae_volcano_entry_lava_flow, nicolae_orc_lost_temple
Vaults:1: nicolae_vaults_asterisk, v_misc_19, vaults_room_grid,
          ontoclasm_vaults_eye, v_rooms_3, nicolae_vaults_yaktaur_gun_rack,
          v_misc_28
Vaults:2: v_misc_12, vaults_room_stairs_pillars, hangedman_vaults_stagger,
          ontoclasm_vaults_gateway, vaults_room_boxed, v_misc_16, v_pattern_5,
          dpeg_vaults_monster_box, ontoclasm_vaults_ring_small,
          nicolae_vaults_network_periphery, v_misc_19, vaults_mumra_chevron,
          nicolae_vaults_asterisk, nicolae_vaults_little_squares_4,
          hangedman_vaults_stretched_pinwheel, serial_shops, shop, uniq_boris
Vaults:3: nicolae_vaults_network_star, minmay_crypt_entry_necro_gods,
          st_squares, nicolae_vaults_shelves_hall, vaults_dpeg_diagonal,
          grunt_vaults_hallway_long, hangedman_vaults_river_flow, v_pattern_4,
          vaults_room_fancy_cross, vaults_room_door_ring,
          ontoclasm_vaults_loading_screen, vaults_room_corners, v_misc_19,
          grunt_vaults_hallway_long, v_misc_10, vaults_room_door_ring,
          vaults_mumra_hexcomb, v_misc_23, uniq_frederick
Vaults:4: nicolae_vaults_little_squares_3, v_alt_pattern_4, v_misc_28,
          nicolae_vaults_ninety_degrees, grunt_vaults_swirl, v_pattern_2,
          vaults_mumra_minichess_inversion, nicolae_vaults_mini_display_case,
          nicolae_vaults_hallways_thing, nicolae_vaults_rhombus_5,
          nicolae_vaults_an_arrangement, v_misc_22, vaults_room_pool,
          serial_shops, shop
Crypt:1:  grunt_crypt_arrival_split, uniq_khufu, uniq_xtahua
Crypt:2:  basic_altar, lemuel_nasty_fountain
Crypt:3:  grunt_crypt_end_deaths_head
Lab:      labyrinth_skeletal_remains, nicolae_lab_starburst
Ossuary:  ossuary_minmay_scorpions

Skill      XL: |  1  2  3  4  5  6  7  8  9 10 11 12 13 14 15 16 17 18 19 20 21 22 |
---------------+-------------------------------------------------------------------+-----
Dodging        | 3 4 5 6 7 8 9 10 | 10.8
Long Blades    | 3 4 5 6 7 8 9 11 13 14 15 16 17 18 19 20 21 22 | 22.6
Armour         | 1 2 3 4 5 7 8 9 10 11 12 13 14 | 14.7
Invocations    | 1 2 3 5 6 8 10 11 12 14 15 16 17 18 19 20 | 20.2
Fighting       | 3 4 5 6 8 9 11 12 13 14 15 16 17 18 | 18.8
Shields        | 2 5 |  5.2
Throwing       | |  1.7

Action                   |  1- 3 |  4- 6 |  7- 9 | 10-12 | 13-15 | 16-18 | 19-21 | 22-24 || total
-------------------------+-------+-------+-------+-------+-------+-------+-------+-------++-------
Melee: Long sword        |   142 |   145 |   471 |   626 |       |       |       |       ||  1384
       Demon blade       |       |       |       |    70 |  1287 |  1632 |  1498 |   679 ||  5166
Invok: Disaster Area     |       |       |       |     2 |     1 |       |     2 |       ||     5
       Upheaval          |       |       |       |     2 |     1 |     1 |     2 |       ||     6
Evoke: Wand              |       |     1 |     4 |     3 |     1 |     4 |     1 |       ||    14
  Use: Scroll            |     5 |     2 |    14 |     9 |    15 |    11 |    12 |     3 ||    71
       Potion            |     3 |     2 |     6 |     5 |     2 |     6 |     6 |     1 ||    31
 Stab: Invisible         |       |     2 |       |     7 |       |       |     1 |       ||    10
       Distracted        |       |       |     4 |     2 |     9 |    10 |     5 |     1 ||    31
       Confused          |       |       |       |       |       |       |     1 |       ||     1
  Eat: Chunk             |     2 |     6 |    11 |     5 |    20 |    21 |    11 |       ||    76
       Ration            |       |       |     2 |     6 |     4 |     3 |     2 |     2 ||    19
Armor: Leather armour    |    14 |       |       |       |       |       |       |       ||    14
       Ring mail         |    43 |    22 |       |       |       |       |       |       ||    65
       Scale mail        |       |    39 |   195 |    36 |       |       |    88 |   183 ||   541
       Skin              |       |     3 |     1 |       |       |       |       |       ||     4
       Chain mail        |       |       |       |   235 |   589 |   696 |   484 |       ||  2004
Dodge: Dodged            |   106 |   105 |   225 |   218 |   398 |   535 |   623 |   223 ||  2433
       Deflected         |       |       |       |    10 |    11 |    53 |    40 |       ||   114
Block: Other             |       |     3 |    57 |       |       |       |       |       ||    60
       Buckler           |       |       |     6 |   432 |   841 |  1188 |   978 |   432 ||  3877
       Rpst.: Long sword |    29 |    32 |    61 |    56 |       |       |       |       ||   178
       Demon blade       |       |       |       |     9 |    74 |    95 |   118 |    47 ||   343

Table legend:
 A = Non-vault XP
 B = Vault XP
 C = Vault XP percentage of total XP
 D = Non-vault monster count
 E = Vault monster count
 F = Vault count percentage of total count
 G = Total turns spent on level
                 A         B        C        D         E       F
            +---------+---------+-------+---------+---------+-------
      Total |  427217 |  374582 |  46.7 |    1279 |     632 |  33.1
            +---------+---------+-------+---------+---------+-------
        D:1 |      19 |       0 |   0.0 |      10 |       0 |   0.0
        D:2 |      54 |       8 |  12.9 |      20 |       3 |  13.0
        D:3 |     144 |      40 |  21.7 |      31 |       1 |   3.1
        D:4 |     522 |     307 |  37.0 |      30 |       2 |   6.2
        D:5 |     365 |       0 |   0.0 |      15 |       0 |   0.0
        D:6 |     487 |     659 |  57.5 |       6 |       1 |  14.3
        D:7 |     796 |       0 |   0.0 |      17 |       0 |   0.0
        D:8 |     998 |       0 |   0.0 |      23 |       0 |   0.0
        D:9 |    3984 |     628 |  13.6 |      46 |      13 |  22.0
       D:10 |    1505 |     128 |   7.8 |      22 |       1 |   4.3
       D:11 |    3555 |    1281 |  26.5 |      34 |       2 |   5.6
       D:12 |    2521 |    1251 |  33.2 |      25 |      37 |  59.7
       D:13 |    4707 |    4152 |  46.9 |      30 |       7 |  18.9
       D:14 |    9883 |    1946 |  16.5 |      33 |       3 |   8.3
       D:15 |   12688 |    4403 |  25.8 |      38 |      10 |  20.8
     Lair:1 |    3946 |    1139 |  22.4 |      17 |       5 |  22.7
     Lair:2 |    3674 |     325 |   8.1 |      18 |       2 |  10.0
     Lair:3 |    3993 |    5265 |  56.9 |      25 |      15 |  37.5
     Lair:4 |    5152 |       0 |   0.0 |      22 |       0 |   0.0
     Lair:5 |    5002 |       0 |   0.0 |      13 |       0 |   0.0
     Lair:6 |    7952 |   15653 |  66.3 |      37 |      31 |  45.6
   Shoals:1 |   13241 |    7556 |  36.3 |      29 |      12 |  29.3
   Shoals:2 |   20271 |       0 |   0.0 |      48 |       0 |   0.0
   Shoals:3 |   19406 |    1988 |   9.3 |      41 |       1 |   2.4
   Shoals:4 |   10536 |   20487 |  66.0 |      25 |      38 |  60.3
   Spider:1 |   12557 |       0 |   0.0 |      40 |       0 |   0.0
   Spider:2 |   17186 |    4764 |  21.7 |      68 |       2 |   2.9
   Spider:3 |   12115 |    2621 |  17.8 |      35 |       5 |  12.5
   Spider:4 |   12128 |   26147 |  68.3 |      27 |      46 |  63.0
      Orc:1 |    3450 |     620 |  15.2 |      42 |       4 |   8.7
      Orc:2 |    4447 |    9664 |  68.5 |      53 |      62 |  53.9
   Vaults:1 |   29797 |    3382 |  10.2 |      63 |      12 |  16.0
   Vaults:2 |   22985 |   27948 |  54.9 |      42 |      45 |  51.7
   Vaults:3 |   22768 |   24895 |  52.2 |      40 |      34 |  45.9
   Vaults:4 |   46074 |   22019 |  32.3 |      60 |      31 |  34.1
   Vaults:5 |   46826 |  110647 |  70.3 |      69 |      83 |  54.6
    Crypt:1 |   33035 |   24640 |  42.7 |      45 |       5 |  10.0
    Crypt:2 |   27338 |       0 |   0.0 |      39 |       0 |   0.0
    Crypt:3 |       0 |   47759 | 100.0 |       0 |      91 | 100.0
        Lab |    1110 |    1474 |  57.0 |       1 |       2 |  66.7
    Ossuary |       0 |     786 | 100.0 |       0 |      26 | 100.0
            +---------+---------+-------+---------+---------+-------
